 Dungeon Crawl Stone Soup version 0.12.2-12-gd1dd697 (webtiles) character file.

4253 hallflukai the Slicer (level 10, 0/60 HPs)
             Began as a Halfling Hunter on July 23, 2013.
             Was an Elder of Nemelex Xobeh.
             Succumbed to a gnoll sergeant's poison
             ... on Level 8 of the Dungeon on July 24, 2013.
             The game lasted 03:00:06 (14907 turns).

hallflukai the Slicer (Halfling Hunter)            Turns: 14907, Time: 03:00:06

HP   0/60        AC  4     Str  9      XL: 10   Next: 42%
MP  16/17        EV 22     Int 10      God: Nemelex Xobeh [****..]
Gold 366         SH  0     Dex 19 (20) Spells:  0 memorised,  9 levels left

Res.Fire  : . . .   See Invis. : .   K - +4,+1 elf short sword (venom)
Res.Cold  : . . .   Warding    : .   L - +0 elf leather armour
Life Prot.: . . .   Conserve   : .   (no shield)
Res.Poison: .       Res.Corr.  : .   O - +0 helmet
Res.Elec. : .       Clarity    : .   m - +0 cloak
Sust.Abil.: . .     Spirit.Shd : .   (no gloves)
Res.Mut.  : .       Stasis     : .   G - +0 pair of boots (curse)
Res.Rott. : .       Ctrl.Telep.: .   (no amulet)
Saprovore : . . .   Flight     : .   (no ring)
                                     (no ring)

@: quite poisoned, somewhat resistant to hostile enchantments, stealthy
A: blurry vision 1, deformed body, mutation resistance 1, slow metabolism 1, Int
-1, Dex -1
a: Draw One, Peek at Two, Triple Draw, Deal Four, Renounce Religion


You were on level 8 of the Dungeon.
You worshipped Nemelex Xobeh.
Nemelex Xobeh was extremely pleased with you.
You were not hungry.

You visited 2 branches of the dungeon, and saw 9 of its levels.
You visited the Abyss 2 times.

You collected 346 gold pieces.

Inventory:

Hand weapons
 b - a +2,+1 sling
 K - a +4,+1 elven short sword of venom (weapon)
 M - a +3,+3 elven dagger of holy wrath
Missiles
 c - 33 sling bullets
 B - 51 stones (quivered)
Armour
 m - a +0 cloak (worn)
 G - a cursed +0 pair of boots (worn)
 L - a +0 elven leather armour (worn)
 O - a +0 helmet (worn)
Magical devices
 r - a wand of polymorph (0)
 t - a wand of flame (11)
Comestibles
 f - 2 bread rations
 j - an apricot
 s - 5 meat rations
Scrolls
 d - a scroll of random uselessness {unknown}
 g - 5 scrolls of identify
 i - a scroll of curse jewellery {unknown}
 n - a scroll of remove curse
 x - a scroll of enchant weapon II {unknown}
 A - a scroll of amnesia {unknown}
 E - a scroll of enchant weapon I
 H - a scroll of magic mapping
Potions
 a - 2 potions of paralysis {unknown}
 l - a potion of cure mutation {unknown}
 o - a potion of restore abilities {unknown}
 q - a potion of gain dexterity {unknown}
 z - a potion of brilliance {unknown}
Books
 F - a book of War Chants

   Spells                             Type                      Level
   Fire Brand                         Charms/Fire                  2
   Freezing Aura                      Charms/Ice                   2
   Shroud of Golubria                 Charms/Translocation         2
   Repel Missiles                     Charms/Air                   2
   Poison Weapon                      Charms/Poison                3
   Regeneration                       Charms/Necromancy            3
Miscellaneous
 e - a plain deck of escape {drawn: 6}
 p - a plain deck of summonings {drawn: 8}
 u - a plain deck of escape {drawn: 3}
 D - an ornate deck of summonings {drawn: 11}
 I - a plain deck of summonings {drawn: 1}


   Skills:
 - Level 0.8 Fighting
 + Level 11.1 Short Blades
 - Level 8.0 Slings
 * Level 10.4 Dodging
 - Level 3.7 Stealth
 - Level 5.2 Evocations


You had 9 spell levels left.
You didn't know any spells.

Dungeon Overview and Level Annotations

Branches:
Dungeon (8/27)             Temple (1/1) D:5             Orc (0/4) D:6
   Lair: D:8-13

Altars:
Ashenzari
Cheibriados
Elyvilon
Fedhas
Kikubaaqudgha
Makhleb
Nemelex Xobeh
Okawaru
Sif Muna
Trog
Vehumet
Yredelemnul
Zin
the Shining One
Lugonu

Shops:
D:7: +

Annotations
D:3 Menkaure
D:6 exclusion: oklob plant, Haza's ghost, experienced TeAE


Innate Abilities, Weirdness & Mutations

You are small and have problems with some larger weapons.
You are somewhat resistant to further mutation.
You have a slow metabolism.
[Your vision is a little blurry.]
[You are clumsy (Dex -1).]
[Armour fits poorly on your strangely shaped body.]
[You are dopey (Int -1).]


Message History

You feel a little better.
* * * LOW HITPOINT WARNING * * *
You feel sick.
You feel a little better.
* * * LOW HITPOINT WARNING * * *
You feel sick.
You feel a little better.
Throwing (i - inventory. (,) - cycle):
B - 53 stones (quivered)
Press: ? - help, Shift-Dir - straight line, f - giant spore, p - gnoll sergeant
Aim: a giant spore (resting)
You throw a stone. The stone misses the giant spore.
The brown ugly thing completely misses you.
Throwing (i - inventory. (,) - cycle):
B - 52 stones (quivered)
Press: ? - help, Shift-Dir - straight line, f/p - giant spore
Aim: a giant spore (resting)
You throw a stone. The stone hits the giant spore.
The giant spore explodes!
A fungus suddenly grows.
You die...
Your body disappears without a glow.

#.#######
#.g.._.<#
#g......#
#####..g)...#
.#...#..g#####
.(......g#
..f......#
....#...u#
#####..@#
#...# #...#
#...# #.### #.
.. ...


You could see a brown ugly thing, a gnoll sergeant and 4 gnolls.

Vanquished Creatures
  The ghost of Haza the Gusty, an average TeAE (D:4)
  A manticore zombie (D:6)
  A necrophage (D:6)
  A sky beast (D:6)
  A giant goldfish zombie (D:5)
  An ice beast (D:5)
  2 ogres (D:7)
  A yak zombie (D:5)
  2 centaurs
  4 giant frogs
  A centaur zombie (D:7)
  2 gnoll sergeants
  A centaur skeleton (D:5)
  A giant frog skeleton (D:3)
  A water moccasin skeleton (D:6)
  4 killer bees (D:7)
  A fire bat (D:7)
  The ghost of horsemans the Ducker, a weakling KoBe of Trog (D:3)
  7 hounds
  4 wights (D:6)
  2 ogre zombies
  Dowan (D:5)
  4 crimson imps
  Crazy Yiuf (D:3)
  3 iguanas
  3 orc priests
  A quasit (D:7)
  3 scorpions
  6 worker ants
  9 orc wizards
  Ijyb (D:3)
  Jessica (D:2)
  3 jellies
  Terence (D:3)
  12 adders
  21 gnolls
  A lemure (Abyss:1)
  A giant mite (D:2)
  2 green rats (D:3)
  An adder skeleton (D:5)
  4 worms
  2 bat zombies (D:5)
  2 oozes
  25 orcs
  A ball python (D:4)
  A giant cockroach (D:3)
  9 goblins
  14 hobgoblins
  7 jackals
  12 kobolds
  19 bats
  5 giant geckos
  5 giant newts
  2 giant spores
  A quokka (D:3)
  11 rats
  3 rat zombies (D:5)
  6 ballistomycetes (D:6)
  A butterfly (D:2)
  A fungus (D:3)
246 creatures vanquished.

Vanquished Creatures (collateral kills)
  Eustachio (D:3)
  An ice beast (D:6)
  A centaur (D:7)
  Blork the orc (D:5)
  A fire bat (D:7)
  2 iron imps (D:3)
  An orc wizard (D:3)
  A steam dragon skeleton (D:7)
  2 adders
  A shadow imp (D:3)
  A giant gecko (D:6)
  An orc (D:3)
  A jackal (D:4)
  2 rats
17 creatures vanquished.

Vanquished Creatures (others)
  A dancing weapon (D:3)
  Duvessa (D:5)
  A brain worm zombie (Abyss:1)
  A big fish (D:7)
  A lemure (D:3)
  A white imp (D:4)
  A giant eyeball (D:7)
  An orc (D:7)
  A giant spore (D:6)
  A goblin (D:2)
  A kobold (D:5)
  A lurking horror (Abyss:1)
12 creatures vanquished.

Grand Total: 275 creatures vanquished

Notes
Turn   | Place    | Note
--------------------------------------------------------------
     0 | D:1      | hallflukai, the Halfling Hunter, began the quest for the Orb.
     0 | D:1      | Reached XP level 1. HP: 14/14 MP: 0/0
    52 | D:1      | Reached skill level 6 in Slings
   246 | D:1      | Found an iron altar of Okawaru.
   310 | D:1      | Reached XP level 2. HP: 19/19 MP: 1/1
   710 | D:2      | Reached skill level 7 in Slings
   710 | D:2      | Reached XP level 3. HP: 16/24 MP: 2/2
  1125 | D:2      | Found a sparkling altar of Nemelex Xobeh.
  1129 | D:2      | Became a worshipper of Nemelex Xobeh
  1251 | D:2      | Found a bloodstained altar of Trog.
  1306 | D:2      | Reached XP level 4. HP: 29/29 MP: 3/3
  1428 | D:2      | Reached skill level 8 in Slings
  1586 | D:2      | Noticed Jessica
  1598 | D:2      | Reached skill level 1 in Short Blades
  1609 | D:2      | Killed Jessica
  1609 | D:2      | Reached XP level 5. HP: 34/34 MP: 4/4
  1716 | D:2      | Received a gift from Nemelex Xobeh
  2494 | D:3      | Noticed horsemans' ghost (weakling KoBe)
  2693 | D:3      | Reached XP level 6. HP: 39/39 MP: 5/5
  2733 | D:3      | Noticed Terence
  2740 | D:3      | Killed Terence
  2745 | D:3      | Acquired Nemelex Xobeh's first power
  2768 | D:3      | Found a glowing silver altar of Zin.
  2913 | D:3      | Killed horsemans' ghost
  3014 | D:3      | Found a blossoming altar of Fedhas.
  3293 | D:3      | Reached skill level 5 in Short Blades
  3542 | D:3      | Received a gift from Nemelex Xobeh
  3610 | D:3      | Reached skill level 1 in Evocations
  3798 | D:3      | Noticed Crazy Yiuf
  3809 | D:3      | Killed Crazy Yiuf
  3899 | D:3      | Acquired Nemelex Xobeh's second power
  4267 | D:3      | Reached XP level 7. HP: 30/44 MP: 6/9
  4491 | D:4      | Noticed Ijyb
  4491 | D:4      | Noticed Haza's ghost (average TeAE)
  4622 | D:4      | Noticed Menkaure
  4829 | D:3      | Killed Ijyb
  5748 | D:4      | Noticed Eustachio
  5754 | D:3      | Noticed a skeletal warrior
  5756 | D:3      | Received a gift from Nemelex Xobeh
  6171 | D:3      | Killed Eustachio
  6367 | D:4      | Found a deep blue altar of Sif Muna.
  6658 | D:4      | Reached skill level 5 in Evocations
  6658 | D:4      | Reached XP level 8. HP: 46/49 MP: 13/13
  6855 | D:4      | Killed Haza's ghost
  7113 | D:4      | Received a gift from Nemelex Xobeh
  7453 | D:5      | Entered Level 5 of the Dungeon
  7476 | D:5      | Found an iron altar of Okawaru.
  7671 | D:5      | Found a staircase to the Ecumenical Temple.
  7677 | D:5      | Noticed Dowan
  7679 | D:5      | Noticed Duvessa
  7699 | D:5      | Killed Duvessa
  7703 | D:5      | Killed Dowan
  7754 | Temple   | Entered the Ecumenical Temple
  7887 | D:5      | Noticed Blork the orc
  7907 | D:5      | Killed Blork the orc
  7907 | D:5      | Reached skill level 9 in Short Blades
  8325 | D:5      | Noticed a grizzly bear
  8569 | D:5      | Acquired Nemelex Xobeh's third power
  8721 | D:5      | Reached XP level 9. HP: 54/54 MP: 15/15
  8911 | D:6      | Noticed Haza's ghost (experienced TeAE)
  9325 | D:6      | Found an ancient bone altar of Kikubaaqudgha.
  9325 | D:6      | Noticed an oklob plant
  9507 | D:5      | Reached skill level 10 in Short Blades
  9564 | D:5      | Received a gift from Nemelex Xobeh
  9663 | D:6      | Reached skill level 5 in Dodging
 11060 | D:5      | Found an ancient bone altar of Kikubaaqudgha.
 11387 | D:6      | Found a staircase to the Orcish Mines.
 11491 | D:6      | Found a blossoming altar of Fedhas.
 11693 | D:6      | Reached XP level 10. HP: 46/60 MP: 17/17
 11701 | D:6      | Reached XP level 9. HP: 24/54 MP: 15/15
 12571 | D:7      | Found Bogacad's Book Boutique.
 12578 | D:7      | Reached XP level 10. HP: 42/60 MP: 17/17
 13449 | D:7      | Received a gift from Nemelex Xobeh
 13449 | D:7      | Acquired Nemelex Xobeh's fourth power
 13596 | D:7      | Reached skill level 11 in Short Blades
 13601 | D:7      | Reached skill level 10 in Dodging
 13824 | D:7      | Found a white marble altar of Elyvilon.
 13882 | D:7      | Cast into the Abyss (drawing a card)
 13988 | D:7      | Escaped the Abyss
 13992 | D:7      | Cast into the Abyss (drawing a card)
 14128 | Abyss:1  | Noticed a hellwing
 14141 | Abyss:1  | Noticed a wretched star
 14392 | Abyss:1  | Noticed a hellwing
 14458 | Abyss:1  | Noticed a starcursed mass
 14474 | Abyss:1  | Noticed a tentacled starspawn
 14546 | Abyss:1  | Found a corrupted altar of Lugonu.
 14592 | Abyss:1  | Noticed a hellwing
 14595 | Abyss:1  | Noticed a hellwing
 14617 | Abyss:2  | Noticed a hellwing
 14646 | Abyss:2  | Noticed an apocalypse crab
 14660 | Abyss:2  | Noticed a hellwing
 14666 | Abyss:2  | Noticed a starcursed mass
 14683 | D:7      | Escaped the Abyss
 14869 | D:8      | Found a snail-covered altar of Cheibriados.
 14902 | D:8      | HP: 3/60 [poisoned by a gnoll sergeant]
 14904 | D:8      | HP: 1/60 [poisoned by a gnoll sergeant]
 14907 | D:8      | Succumbed to a gnoll sergeant's poison

Action                   |  1- 3 |  4- 6 |  7- 9 | 10-12 || total
-------------------------+-------+-------+-------+-------++-------
Melee: Dagger            |       |   147 |   324 |    31 ||   502
       Unarmed           |       |       |    21 |       ||    21
       Short sword       |       |       |   270 |   256 ||   526
 Fire: Sling             |    40 |    74 |   116 |    26 ||   256
Throw: Stone             |       |     2 |    11 |     6 ||    19
Invok: Draw One          |       |       |    19 |    10 ||    29
Evoke: Wand              |     1 |       |     4 |       ||     5
       Deck              |       |     5 |       |       ||     5
  Use: Scroll            |       |     7 |     6 |     1 ||    14
       Potion            |       |       |     6 |     4 ||    10
 Stab: Sleeping          |       |       |     7 |       ||     7
       Distracted        |       |       |     1 |       ||     1
